 Dungeon Crawl Stone Soup version 0.17.1-1-g73c8601 (webtiles) character file.

1031 PossumBlood the Cleaver (level 8, -5/64 HPs)
             Began as a Minotaur Fighter on Dec 19, 2015.
             Slain by mif's ghost (15 damage)
             ... on level 6 of the Dungeon.
             The game lasted 00:11:24 (4159 turns).

PossumBlood the Cleaver (Minotaur Fighter)          Turns: 4159, Time: 00:11:24

Health: -5/64      AC: 10    Str: 24    XL:     8   Next: 3%
Magic:  7/7        EV:  7    Int:  5    God:
Gold:   244        SH:  9    Dex:  9    Spells: 0 memorised, 7 levels left

rFire  . . .     SeeInvis +     a - +1 war axe
rCold  . . .     Clarity  .     b - +0 scale mail
rNeg   . . .     SustAt   .     c - +0 shield
rPois  +         Gourm    .     (helmet restricted)
rElec  .         Spirit   .     (no cloak)
rCorr  .         Warding  .     i - +2 pair of gloves
rMut   .         Stasis   .     (no boots)
MR     .....                    y - amulet of regeneration
Stlth  ..........               m - ring of poison resistance
                                e - ring of see invisible

@: not resistant to hostile enchantments, extremely unstealthy
A: retaliatory headbutt, horns 2
a: no special abilities


You were on level 6 of the Dungeon.
You were not hungry.

You visited 1 branch of the dungeon, and saw 6 of its levels.

You collected 244 gold pieces.

Inventory:

Hand Weapons
 a - a +1 war axe (weapon)
Armour
 b - a +0 scale mail (worn)
 c - a +0 shield (worn)
 i - a +2 pair of gloves (worn)
Jewellery
 e - a ring of see invisible (left hand)
 m - a ring of poison resistance (right hand)
 y - an amulet of regeneration (around neck)
Wands
 x - a wand of draining (10)
 z - a wand of cold (12)
Scrolls
 d - 3 scrolls of identify
 g - 2 scrolls of enchant armour
 h - 2 scrolls of enchant weapon
 j - 2 scrolls of remove curse
 l - 2 scrolls of fog
Potions
 k - a potion of flight {unknown}
 o - a potion of ambrosia {unknown}
 p - a potion of magic
 r - 2 potions of lignification {unknown}
 s - a potion of brilliance {unknown}
 t - a potion of poison {unknown}
 u - a potion of agility {unknown}
 v - a potion of resistance {unknown}
Comestibles
 f - 5 meat rations
 n - a slice of pizza
 q - 2 bread rations


   Skills:
 - Level 3.6 Fighting
 * Level 11.2 Axes
 - Level 3.6 Armour
 - Level 3.6 Shields


You had 7 spell levels left.
You didn't know any spells.

Dungeon Overview and Level Annotations

Branches:
Dungeon (6/15)
 Temple: D:4-7

Altars:
Qazlal
Trog

Annotations:
D:6 mif's ghost, novice MiBe


Innate Abilities, Weirdness & Mutations

You reflexively headbutt those who attack you in melee.
You have a pair of horns on your head.


Message History

Mif's ghost hits you but does no damage.
You hit mif's ghost.
Mif's ghost is heavily damaged.
Mif's ghost wails, "You will join me soon!"
Mif's ghost hits you!
* * * LOW HITPOINT WARNING * * *
You are too injured to fight recklessly!
You are too injured to fight recklessly!
Drink which item? (? for menu, Esc to quit)
It was a potion of magic.
Magic courses through your body. You block mif's ghost's attack.
You slash mif's ghost! Your headbutt misses mif's ghost.
Mif's ghost is heavily damaged.
Mif's ghost hits you.
* * * LOW HITPOINT WARNING * * *
You completely miss mif's ghost.
You headbutt mif's ghost, but do no damage.
Mif's ghost is heavily damaged.
Mif's ghost hits you!
You die...

...######'# ...#......#
......#
...#......####+#.....###
...#...........#........
(..##.....##...#........
...#########...+........
...............#........
...............#†.......
...............#@.......
..........####'#W....%..
..........#............#
..........#............#
..........#............#
..........#............#
..........#............#
..........#............#
..........#............#


You could see mif's ghost.

Vanquished Creatures
  The ghost of Genom09 the Changer, an amateur MfTm (D:4)
  An ice beast (D:5)
  An orc warrior (D:3)
  An ogre (D:3)
  A scorpion (D:6)
  A jelly (D:5)
  4 crimson imps
  5 orc wizards
  An iguana (D:3)
  A worker ant (D:4)
  7 adders
  4 gnolls (D:5)
  A shadow imp (D:5)
  3 worms
  A giant gecko (D:3)
  17 orcs
  A ball python (D:2)
  3 giant cockroaches
  6 goblins
  7 hobgoblins
  4 jackals (D:2)
  3 quokkas
  7 bats
  A giant cockroach zombie (D:6)
  A giant gecko skeleton (D:5)
  4 giant newts
  6 kobolds
  11 rats
104 creatures vanquished.

Notes
Turn   | Place    | Note
--------------------------------------------------------------
     0 | D:1      | PossumBlood the Minotaur Fighter began the quest for the Orb.
     0 | D:1      | Reached XP level 1. HP: 19/19 MP: 0/0
   415 | D:1      | Reached XP level 2. HP: 26/26 MP: 1/1
   839 | D:2      | Found a stormy altar of Qazlal.
   865 | D:2      | Reached skill level 4 in Axes
   894 | D:2      | Reached XP level 3. HP: 31/31 MP: 2/2
  1020 | D:2      | Reached skill level 5 in Axes
  1173 | D:2      | Reached XP level 4. HP: 39/39 MP: 3/3
  1237 | D:2      | You fall through a shaft!
  1755 | D:3      | Noticed an ogre
  1762 | D:3      | Killed an ogre
  1762 | D:3      | Reached skill level 6 in Axes
  1762 | D:3      | Reached XP level 5. HP: 9/45 MP: 4/4
  2034 | D:3      | Noticed an orc warrior
  2036 | D:3      | Reached skill level 7 in Axes
  2046 | D:3      | Killed an orc warrior
  2046 | D:3      | Reached skill level 8 in Axes
  2046 | D:3      | Reached XP level 6. HP: 22/51 MP: 5/5
  2667 | D:4      | Noticed Genom09's ghost (amateur MfTm)
  2675 | D:4      | Killed Genom09's ghost
  2675 | D:4      | Reached skill level 9 in Axes
  2702 | D:4      | Identified the Guide on Attacks
  2731 | D:4      | Reached XP level 7. HP: 57/57 MP: 6/6
  3210 | D:4      | Found a bloodstained altar of Trog.
  3279 | D:5      | Entered Level 5 of the Dungeon
  3472 | D:5      | Reached skill level 10 in Axes
  3909 | D:5      | Reached skill level 11 in Axes
  4141 | D:6      | Noticed mif's ghost (novice MiBe)
  4151 | D:6      | Reached XP level 8. HP: 35/64 MP: 7/7
  4159 | D:6      | Slain by mif's ghost

Action                   |  1- 3 |  4- 6 |  7- 9 || total
-------------------------+-------+-------+-------++-------
Melee: War axe           |    87 |    84 |    98 ||   269
  Use: Scroll            |       |     9 |     2 ||    11
       Potion            |       |     1 |     1 ||     2
  Eat: Bread ration      |     1 |       |       ||     1
       Fruit             |       |     2 |     5 ||     7
       Beef jerky        |       |       |     1 ||     1
